 Seeded DCSS version 0.28.0-53-g5a82cb258f (webtiles) character file.

Game seed: 12963177351056830751 (custom seed)

2566 Kranky the Spear-Bearer (level 9, -3/66 HPs)
             Began as an Octopode Fighter on June 23, 2022.
             Slain by a centaur warrior (15 damage)
             ... on level 7 of the Dungeon.
             The game lasted 00:12:15 (7633 turns).

Kranky the Spear-Bearer (Octopode Fighter)          Turns: 7633, Time: 00:12:15

Health: -3/66      AC:  2    Str: 11    XL:     9   Next: 57%
Magic:  9/9        EV: 15    Int: 13    God:
Gold:   402        SH:  5    Dex: 16    Spells: 8/8 levels left

rFire   + . .      SeeInvis .   H - +11 hand axe of Modesty {vorpal, rPois Will++ Str-4 Int+3}
rCold   . . .      Faith    .   b - +0 buckler
rNeg    + . .      Spirit   .   z - +1 hat
rPois   +          Reflect  .   (no amulet)
rElec   .          Harm     .   B - ring of protection from fire
rCorr   .          Rampage  .   v - ring of positive energy
Will    ++...                   (no ring)
Stlth   +++.......              (no ring)
HPRegen 0.21/turn               (no ring)
MPRegen 0.11/turn               (no ring)
                                (no ring)
                                (no ring)

@: no status effects
A: almost no armour, amphibious, 8 rings, camouflage 1, gelatinous body 1,
(nimble swimmer 1), tentacles
a: no special abilities


You were on level 7 of the Dungeon.
You visited 2 branches of the dungeon, and saw 8 of its levels.
You also visited: Ossuary.

You collected 402 gold pieces.

Inventory:

Hand Weapons
 a - a +0 trident
 q - the +4 spear of Overwhelming Force {speed, +Blink rPois}
   (You took it off a kobold on level 3 of the Dungeon)

   Attacks with this weapon are significantly faster.
   rPois:     It protects you from poison.
   +Blink:    It lets you blink.
 H - the +11 hand axe of Modesty (weapon) {vorpal, rPois Will++ Str-4 Int+3}
   (You took it off a wight on level 7 of the Dungeon)

   It inflicts extra damage upon your enemies.
   Str:       It affects your strength (-4).
   Int:       It affects your intelligence (+3).
   rPois:     It protects you from poison.
   Will:      It greatly increases your willpower.
Missiles
 h - 15 poisoned darts (quivered)
 s - a throwing net
Armour
 b - a +0 buckler (worn)
 z - a +1 hat (worn)
Jewellery
 e - an amulet of faith
 k - a ring of ice
 v - a ring of positive energy (right tentacle)
 B - a ring of protection from fire (left tentacle)
 G - a ring of magical power
Wands
 y - a wand of iceblast (11)
Scrolls
 g - a scroll of brand weapon {unknown}
 j - 2 scrolls of enchant weapon {unknown}
 l - a scroll of noise {unknown}
 m - a scroll of fog {unknown}
 o - 2 scrolls of vulnerability {unknown}
 p - 2 scrolls of magic mapping {unknown}
 t - 2 scrolls of identify
 u - a scroll of immolation {unknown}
 x - a scroll of fear {unknown}
 A - a scroll of summoning {unknown}
 C - a scroll of enchant armour {unknown}
Potions
 c - a potion of might
 d - 2 potions of heal wounds
 f - 6 potions of curing
 i - 4 potions of flight {unknown}
 n - a potion of cancellation {unknown}
 r - 4 potions of attraction
 w - a potion of berserk rage {unknown}
 D - a potion of magic {unknown}
 E - a potion of degeneration {unknown}
 F - a potion of mutation {unknown}
 I - a potion of brilliance {unknown}


   Skills:
 - Level 8.0 Fighting
 + Level 1.2(5.7) Axes
 - Level 9.0(9.1) Polearms
 + Level 5.0 Dodging
 - Level 3.0 Stealth
 + Level 3.9 Shields


You had 8 spell levels left.
You didn't know any spells.
Your spell library contained the following spells:

 Spells                   Type           Power      Damage    Failure   Level
 Ozocubu's Armour         Ice            0%         N/A       75%         3
 Ozocubu's Refrigeration  Ice            0%         4d5       100%        7


Dungeon Overview and Level Annotations

Branches:
Dungeon (7/15)             Temple (1/1) D:5         Ossuary (visited)

Altars:
Fedhas
Gozag
Makhleb
Nemelex Xobeh
Qazlal
Ru
Sif Muna
Trog
Wu Jian
Xom
Yredelemnul
Zin
The Shining One

Annotations:
D:6 exclusions: electric eel and 1 more exclusion


Innate Abilities, Weirdness & Mutations

You cannot wear most types of armour.
You are amphibious.
You can wear up to eight rings at the same time.
Your skin changes colour to match your surroundings (Stealth+).
Your rubbery body absorbs attacks. (AC +1, EV +1)
((You are camouflaged when in or above water. (Stealth+)))
You have tentacles for arms and can constrict up to eight enemies at once.


Message History

The scorpion is moderately wounded.
The scorpion completely misses you.
You hit the scorpion. You grab the scorpion. You squeeze the scorpion!
You kill the scorpion!
Training target 8.0 for Fighting reached!
Your Fighting skill increases to level 8!
Your base Axes skill increases to level 1!
Your Dodging skill increases to level 5!
No target in view!
A meliai comes into view. It is wielding a +0 hand axe.
Found a condenser vane, a staff of poison, a robe and a gnarled glowing staff.
A centaur warrior comes into view.
Found a condenser vane, a twisted runed staff and a falchion.
The meliai buzzes angrily.
The centaur warrior wields a +0 longbow.
The centaur warrior shoots an arrow.
The arrow hits you!!
The centaur warrior shoots an arrow.
The arrow hits you!
You hit the centaur warrior. You squeeze the centaur warrior!
The centaur warrior is moderately wounded.
The centaur warrior unwields a +0 longbow.
You block the centaur warrior's attack. The centaur warrior kicks you.
You hit the centaur warrior.
The centaur warrior is moderately wounded.
The centaur warrior barely misses you. The centaur warrior kicks you.
You slash the centaur warrior! You squeeze the centaur warrior.
The centaur warrior is severely wounded.
The centaur warrior closely misses you. The centaur warrior kicks you.
* * * LOW HITPOINT WARNING * * *
The centaur warrior closely misses you. The centaur warrior kicks you.
* * * LOW HITPOINT WARNING * * *
You slash the centaur warrior!
Your squeeze misses the centaur warrior.
The centaur warrior is almost dead.
You block the centaur warrior's attack. The centaur warrior kicks you.
* * * LOW HITPOINT WARNING * * *
You hit the centaur warrior.
Your squeeze misses the centaur warrior.
The centaur warrior is almost dead.
The centaur warrior hits you!
You die...

## #### ###.### #####.#### ##..
#..## ##.#.# #.........
#.#.###.#.###.###.# #.#.#)#.#.
#..#...#..##.##.##.##..#.#.#..
#.....#.#.##|[)##.#.#.....#.
#.....#...#.|8|.#....#.#.#..
#.....###.##}.}##.#.#.....#.
#..#...#..##.##c##.##..#.#.#..
#.#.###)#.# #@#.#.# #.#.#.#.#.
##..#.)..## ##c#.# #.........
...#####)#########.#########.####
#...........#.......#.#.........
######)####.#.###.#.#.#.##.###.#
#.###..#.....#.#.#.##.##...
#.##...#.#.#.#.#.#.#.......
#........#.#...#...#..##...
####...#.#.###.#.#.#..###.#


You could see a centaur warrior.

Vanquished Creatures
  A water moccasin (D:6)
  A sky beast (D:5)
  2 ice beasts
  An ogre (D:6)
  3 black bears
  An orc warrior (D:6)
  3 centaurs
  A phantom (D:5)
  2 elf zombies (Ossuary)
  A scorpion (D:7)
  5 wights (D:7)
  2 howler monkeys (D:4)
  2 bullfrog zombies (D:5)
  A centaur zombie (D:7)
  A gnoll shaman (D:7)
  2 human zombies (Ossuary)
  4 orc priests
  A hound (D:5)
  A centaur skeleton (D:6)
  A scorpion zombie (D:5)
  4 orc wizards
  2 iguanas
  A killer bee zombie (D:7)
  2 mummies (Ossuary)
  12 gnolls
  7 adders
  2 white imps
  An ufetubus (D:6)
  2 adder zombies (Ossuary)
  An adder skeleton (D:4)
  3 worms
  A dart slug (D:1)
  21 orcs
  8 endoplasms
  5 giant cockroaches
  11 goblins
  8 hobgoblins
  8 jackals
  3 quokkas
  8 ball pythons
  7 bats
  2 frilled lizards
  2 goblin zombies (Ossuary)
  9 hobgoblin zombies (Ossuary)
  2 jackal zombies (Ossuary)
  14 kobolds
  7 kobold zombies (Ossuary)
  11 orc zombies (Ossuary)
  5 rats
205 creatures vanquished.

Vanquished Creatures (others)
  6 plants
6 creatures vanquished.

Grand Total: 211 creatures vanquished

Notes
Turn   | Place    | Note
-------+----------+-------------------------------------------
     0 | D:1      | Kranky the Octopode Fighter began the quest for the Orb.
     0 | D:1      | Reached XP level 1. HP: 16/16 MP: 1/1
    76 | D:1      | Reached skill level 1 in Stealth
    78 | D:1      | Reached XP level 2. HP: 19/21 MP: 2/2
   534 | D:1      | Reached XP level 3. HP: 14/26 MP: 3/3
  1097 | D:1      | Found a faded altar of an unknown god.
  1459 | D:2      | Reached XP level 4. HP: 21/33 MP: 4/4
  2059 | D:2      | Found a glowing golden altar of the Shining One.
  2583 | D:3      | Identified the +4 spear of Overwhelming Force {speed,
                  | +Blink rPois}
  2676 | D:3      | Reached skill level 5 in Fighting
  2679 | D:3      | Reached XP level 5. HP: 39/39 MP: 5/5
  2761 | D:3      | Found a sparkling altar of Nemelex Xobeh.
  3165 | D:4      | Found a sand-covered staircase.
  3197 | Ossuary  | Entered an ossuary
  3385 | Ossuary  | Reached XP level 6. HP: 46/46 MP: 6/6
  3427 | Ossuary  | Reached skill level 3 in Polearms
  3638 | Ossuary  | Reached skill level 4 in Polearms
  3851 | D:4      | Reached XP level 7. HP: 52/52 MP: 7/7
  4164 | D:4      | Found a basalt altar of Yredelemnul.
  4182 | D:4      | Found a shimmering blue altar of Sif Muna.
  4382 | D:5      | Entered Level 5 of the Dungeon
  4432 | D:5      | Found a staircase to the Ecumenical Temple.
  4543 | D:5      | Reached skill level 5 in Polearms
  4694 | D:5      | Reached XP level 8. HP: 58/58 MP: 8/8
  4700 | D:5      | Reached skill level 6 in Polearms
  5151 | Temple   | Entered the Ecumenical Temple
  5824 | D:6      | Found a sacrificial altar of Ru.
  5906 | D:6      | Reached skill level 7 in Polearms
  6414 | D:6      | Reached skill level 8 in Polearms
  6439 | D:6      | Reached XP level 9. HP: 46/64 MP: 9/9
  7110 | D:7      | Identified the +11 hand axe of Modesty {vorpal, rPois
                  | Will++ Str-4 Int+3}
  7133 | D:7      | Reached skill level 9 in Polearms
  7554 | D:7      | Reached skill level 1 in Axes
  7554 | D:7      | Reached skill level 5 in Dodging
  7623 | D:7      | Noticed a meliai
  7624 | D:7      | Noticed a centaur warrior
  7633 | D:7      | Slain by a centaur warrior

Illustrated notes

Levels and vault maps discovered:
D:1:      minmay_arrival_pointy, layout_basic, chequers_ecumenical_altar_lobes,
          serial_forest, infiniplex_forest_straight_4,
          infiniplex_forest_straight_3, infiniplex_forest_lined_2,
          infiniplex_forest_3_way, infiniplex_forest_pool,
          infiniplex_forest_side_room, infiniplex_forest_clump_diagonal,
          st_stairs_5, bh_walls_and_bars
D:2:      layout_loops_corners, basic_altar, minmay_tromino_v2
D:3:      layout_loops_ring, nemelex_xobeh_ov_fountains_minmay
D:4:      layout_loops_cross, mainiacjoe_overflow_alcove_4,
          kennysheep_orc_sif_temple, enter_ossuary_1, abandoned_shop
D:5:      layout_loops_ring, temple_pool_b
D:6:      layout_loops_ring, nicolae_ru_awakened_eye, serial_bayou,
          serial_bayou_pond_e, serial_bayou_ford_a, serial_bayou_lake_a,
          serial_bayou_shore_b, serial_bayou_lagoon_b, minmay_puff
D:7:      minmay_the_grid_plus [minmay_the_grid_spin_star,
          minmay_the_grid_large_cup, minmay_the_grid_holed_spiral,
          minmay_the_grid_gridbox, minmay_the_grid_prize_diamond_cup],
          layout_loops_ring, jmf_multi_god_temple2, grunt_ministairs_3,
          minmay_lizard_king
Temple:   compressed_dpeg_triangle_lava_temple

Skill      XL: |  1  2  3  4  5  6  7  8  9 |
---------------+----------------------------+-----
Stealth        | 1 2 3 |  3.0
Fighting       | 4 5 6 7 8 |  8.0
Polearms       | 4 5 8 9 |  9.0
Dodging        | 4 5 |  5.0
Axes           | 1 |  1.2
Shields        | |  3.9

Action                   |  1- 3 |  4- 6 |  7- 9 || total
-------------------------+-------+-------+-------++-------
Melee: Trident           |    75 |    74 |       ||   149
       Constrict         |    17 |    47 |    46 ||   110
       Tentacles         |     7 |    35 |    71 ||   113
       Punch             |     1 |     4 |     6 ||    11
       Spear             |       |   145 |   262 ||   407
       Hand axe          |       |       |    25 ||    25
  Use: Scroll            |       |       |     3 ||     3
       Potion            |       |       |     1 ||     1
 Stab: Sleeping          |    11 |    26 |     5 ||    42
       Distracted        |       |     2 |     1 ||     3
Armor: Skin              |     5 |     5 |    17 ||    27
Dodge: Dodged            |    25 |    46 |    89 ||   160
Block: Buckler           |     8 |    17 |    31 ||    56
